 Dungeon Crawl Stone Soup version 0.22-a0-160-gcc81d7a (webtiles) character file.

340820 mortelune the Eclecticist (level 21, -22/174 HPs)
             Began as a Demonspawn Ice Elementalist on Feb 9, 2018.
             Was the Champion of Ashenzari.
             Killed from afar by a moon troll (34 damage)
             ... with a bolt of acid
             ... in a wizard's laboratory on Feb 11, 2018.
             The game lasted 05:26:00 (78217 turns).

mortelune the Eclecticist (DsIE)                   Turns: 78217, Time: 05:26:01

Health: -22/174    AC:  4    Str: 13      XL:     21   Next: 7%
Magic:  0/51       EV: 24    Int: 23 (26) God:    Ashenzari [******]
Gold:   2551       SH: 16    Dex: 19      Spells: 5/54 levels left

rFire    + . .     SeeInvis +   Z - staff of energy
rCold    . . .     Gourm    .   H - +3 buckler
rNeg     . . .     Faith    .   t - +0 swamp dragon scales
rPois    +         Spirit   +   v - +2 hat {MR+} (curse)
rElec    +         Reflect  .   A - scarf {repulsion} (curse)
rCorr    .         Harm     .   (gloves unavailable)
MR       +++..     Clarity  +   a - +5 pair of boots "Etupiuru" {rElec Str-3 Int+2} (curse)
Stlth    +++.......             U - amulet of regeneration (curse)
HPRegen  0.79/turn              f - ring of protection from magic (curse)
MPRegen  0.64/turn              L - ring of magical power (curse)

@: mighty, agile, corroded, very slightly contaminated, repel missiles
A: claws 3, horns 1, large bone plates 2, blink, deformed body, fire resistance
1, powered by pain 3, magic shield, magic regeneration, magic link, subdued
magic 1
}: 2/15 runes: decaying, serpentine
a: Blink, Curse Item, Scrying, Transfer Knowledge, Renounce Religion


You were in a wizard's laboratory.
You worshipped Ashenzari.
Ashenzari was exalted by your worship.
You were not hungry.

You visited 8 branches of the dungeon, and saw 37 of its levels.
You also visited: Volcano and Wizlab.

You collected 5020 gold pieces.
You spent 2469 gold pieces at shops.

Inventory:

Hand Weapons
 I - the +1 mace of the Ecumenical Temple {venom, MR+}
   (You found it on level 8 of the Dungeon)

   It poisons the flesh of those it strikes.
   It affects your resistance to hostile enchantments.
 O - the +6 hand axe of Callousness {chop, +Inv Str+4 Dex+4}
   (You bought it in a shop on level 2 of the Orcish Mines)

   It inflicts extra damage upon your enemies.
   It affects your strength (+4).
   It affects your dexterity (+4).
   It lets you turn invisible.
Armour
 a - the cursed +5 pair of boots "Etupiuru" (worn) {rElec Str-3 Int+2}
   (You acquired it on level 3 of the Snake Pit)

   It affects your strength (-3).
   It affects your intelligence (+2).
   It insulates you from electricity.
   It has a curse placed upon it.
 t - +0 swamp dragon scales (worn)
 u - a +2 shield of fire resistance
 v - a cursed +2 hat of magic resistance (worn)
 A - a cursed scarf of repulsion (worn)
 H - a +3 buckler (worn)
Magical Staves
 Z - an uncursed staff of energy (weapon)
Jewellery
 e - an uncursed ring of protection from cold
 f - a cursed ring of protection from magic (left claw)
 E - a +1 ring of evasion
 L - a cursed ring of magical power (right claw)
 N - the cursed ring of Urin {+Blink +Fly rF+}
   (You found it in a wizard's laboratory)

   [ring of flight]

   It protects you from fire.
   It lets you fly.
   It lets you blink.
   It has a curse placed upon it.
 U - a cursed amulet of regeneration (around neck)
Wands
 d - a wand of clouds (18)
 h - a wand of polymorph (3)
 j - a wand of acid (12)
 s - a wand of disintegration (9)
 w - a wand of flame (122)
 z - a wand of paralysis (43)
 P - a wand of digging (42)
 R - a wand of enslavement (40)
Scrolls
 g - 4 scrolls of magic mapping
 i - 6 scrolls of immolation
 m - 5 scrolls of enchant armour
 n - 11 scrolls of fear
 q - 11 scrolls of enchant weapon
 x - 2 scrolls of brand weapon
 y - 5 scrolls of teleportation
 B - a scroll of silence
 G - 3 scrolls of fog
 J - 5 scrolls of amnesia
 M - 12 scrolls of remove curse
 T - 3 scrolls of identify
 W - a scroll of summoning
Potions
 b - a potion of magic
 k - 3 potions of berserk rage
 o - a potion of resistance
 p - 7 potions of ambrosia
 r - 6 potions of brilliance
 C - 8 potions of mutation
 D - 3 potions of cancellation
 K - 6 potions of agility
 Q - 3 potions of might
 S - a potion of invisibility
 V - a potion of haste
 X - 3 potions of curing
 Y - 4 potions of flight
Miscellaneous
 F - a lamp of fire
Comestibles
 c - 16 rations


   Skills:
 * Level 17.0 Fighting
 + Level 9.6(12.4) Armour
 - Level 7.9(10.9) Dodging
 - Level 1.7 Stealth
 * Level 11.2 Shields
 + Level 17.4 Spellcasting
 - Level 12.7(16.8) Conjurations
 - Level 4.2(8.4) Translocations
 - Level 14.7(18.7) Ice Magic
 * Level 6.7(11.2) Air Magic
 - Level 8.8(13.2) Evocations


You had 5 spell levels left.
You knew the following spells:

 Your Spells              Type           Power        Failure   Level  Hunger
a - Freeze                Ice            ####         0%          1    None
b - Throw Frost           Conj/Ice       ######       0%          2    None
c - Ozocubu's Armour      Chrm/Ice       #####...     1%          3    None
d - Throw Icicle          Conj/Ice       ######..     0%          4    None
e - Summon Ice Beast      Ice/Summ       #####...     1%          4    None
f - Freezing Cloud        Conj/Ice/Air   ######....   1%          6    None
g - Passwall              Tmut/Erth      ###.......   4%          2    None
h - Simulacrum            Ice/Necr       #####.....   11%         6    None
i - Passage of Golubria   Tloc           N/A          1%          4    None
j - Fireball              Conj/Fire      #####.....   2%          5    None
k - Blink                 Tloc           N/A          1%          2    None
q - Summon Lightning Spi  Summ/Air       #####...     2%          4    None
z - Bolt of Cold          Conj/Ice       ######....   1%          6    None


Dungeon Overview and Level Annotations

Branches:
Dungeon (15/15)            Temple (0/1) D:4            Lair (6/6) D:11
  Swamp (4/4) Lair:3        Snake (4/4) Lair:4        Slime (0/5) Lair:5
    Orc (2/2) D:11            Elf (1/3) Orc:2        Vaults (4/5) D:13
  Crypt (0/3) Vaults:3     Depths (1/5) D:15

Altars:
Ashenzari
Cheibriados
Dithmenos
Elyvilon
Fedhas
Nemelex Xobeh
Okawaru
Qazlal
Wu Jian
Xom
Zin
The Shining One
Beogh
Jiyva

Shops:
D:10 (   D:13 %   Orc:1 [   Orc:2 (?!(   Depths:1 }==:

Portals:
Hell: Depths:1
Abyss: Depths:1

Annotations:
D:4 Grinder
D:6 1 runed door
Vaults:4 Mennas


Innate Abilities, Weirdness & Mutations

You have claws for hands.
You are mostly covered in large bone plates. (SH +6)
You are powered by pain.
When hurt, damage is shared between your health and your magic reserves.
You regenerate magic rapidly.
When low on magic, you restore magic in place of health.
You have a pair of small horns on your head.
You can translocate small distances at will.
Armour fits poorly on your strangely shaped body.
Your flesh is heat resistant. (rF+)
Your spells are a little easier to cast, but a little less powerful.


Message History

The shard of ice hits the moon troll.
The moon troll partially resists.
The moon troll is almost dead.
The moon troll is engulfed in freezing vapours.
The moon troll casts a spell at you. The bolt of acid hits you!
* * * LOW HITPOINT WARNING * * *
You focus on the pain.
You feel agile all of a sudden. The acid corrodes you!
You are splashed with acid!
The acid burns!
* * * LOW HITPOINT WARNING * * *
The moon troll is engulfed in freezing vapours.
Blink to where?
Press: ? - help, Dir - move target cursor, p - moon troll You are very lightly contaminated with residual magic.
As you read the scroll of blinking, it crumbles to dust.
You feel better.
The moon troll is engulfed in freezing vapours.
The moon troll gestures at you while chanting.
The bolt of acid hits you!
You die...

...#*###*, ...##..#..## ###....
..###...## ....#....## ###......
.##,......#*...##...# ##........
## .......##...#...# #.........
#∆∆ ........#...#...## #....##..#
∆ *........#...##...###8..##....
∆∆ ........8....#(...'....#.....
©∆* .............#..(('(.........
∆∆*,............@#....'.(..#.....
∆**........#...##...###8..##...[
#∆∆*........#...#...## #....##..#
##,,.......##...#...# #.........
.## ......##...##...# ##........
..###...###T§§.#....## ###......
...######.§§§§##.....## ###....
..##.....§.§§##.......### ###P#
..#©.......###...#......### ###


You could see a moon troll and a friendly lightning spire.

Vanquished Creatures
  the Lernaean hydra (Swamp:4)
  Jorgrun (Snake:4)
  A tentacled monstrosity (Swamp:4)
  A lich (Depths:1)
  Frances (Snake:1)
  6 tentacled starspawn (WizLab)
  2 thorn hunters (Swamp:2)
  3 sphinxes
  2 storm dragons (Vaults:3)
  Donald (Snake:4)
  7 nagarajas
  An azure jelly (Lair:6)
  A frost giant (Vaults:2)
  Aizul (Snake:1)
  A cacodemon (WizLab)
  2 fire giants
  4 vault wardens
  A balrug (Depths:1)
  A war gargoyle (Vaults:2)
  15 ironheart preservers
  10 stone giants
  7 very ugly things
  2 deep elf demonologists
  A deep elf annihilator (Vaults:1)
  An eidolon (Vaults:3)
  2 death oozes (Lair:6)
  7 ettins
  4 crystal guardians (WizLab)
  Josephine (Snake:1)
  A fire dragon (Vaults:3)
  A deep elf high priest (Vaults:3)
  2 ice dragons
  9 great orbs of eyes
  4 yaktaur captains
  A rakshasa (Vaults:1)
  16 vault guards
  17 naga warriors
  5 centaur warriors
  2 ghost crabs
  A death knight (D:12)
  12 hydras
  41 two-headed ogres
  4 anacondas
  5 deep troll earth magi
  14 ogre magi
  4 alligators
  4 tengu warriors
  2 deep troll shamans (Vaults:4)
  14 naga sharpshooters
  A hell knight (Vaults:3)
  9 deep elf knights
  4 spriggans
  7 shock serpents
  2 sun demons (Depths:1)
  4 skeletal warriors
  A sea snake (shapeshifter) (Vaults:3)
  A shadow wraith (Vaults:2)
  A salamander mystic (Snake:3)
  15 deep trolls
  A sea snake (Snake:1)
  An orange crystal statue (WizLab)
  An unseen horror (D:15)
  7 wizards
  3 shambling mangroves
  4 glowing orange brains
  A flayed ghost (D:13)
  7 swamp dragons
  2 spriggan druids
  7 orc knights
  7 naga ritualists
  9 ironbrand convokers
  Pikel (D:6)
  2 necromancers
  17 deep elf magi
  9 deep elf archers
  9 mana vipers
  A manticore (D:15)
  3 wolf spiders
  5 orc sorcerers
  3 cyclopes (Vaults:1)
  23 ugly things
  An oklob plant (Lair:3)
  A fire giant zombie (Vaults:3)
  A salamander (shapeshifter) (Vaults:2)
  A frost giant skeleton (Depths:1)
  5 salamanders
  A black mamba (shapeshifter) (Vaults:3)
  23 black mambas
  21 naga magi
  6 elephants (Lair:4)
  2 centaur zombies (D:12)
  An ice statue (D:13)
  5 guardian serpents
  7 eyes of devastation (WizLab)
  10 vault sentinels
  A centaur skeleton (D:14)
  26 spiny frogs
  2 gargoyles
  A torpor snail (Lair:2)
  2 rime drakes (Lair:5)
  2 freezing wraiths
  4 komodo dragons
  14 yaktaurs
  3 tengu conjurers
  An ice devil (Depths:1)
  2 polar bears (Lair:2)
  6 trolls
  2 meliai (D:14)
  12 tyrant leeches
  The ghost of EnegeticOcto the Sneak, an amateur NaWz (D:4)
  58 slime creatures
  12 bog bodies
  2 wind drakes (shapeshifter)
  20 blink frogs
  16 hornets
  A hippogriff (shapeshifter) (Vaults:1)
  7 hippogriffs
  2 flying skulls
  A stone giant simulacrum (Vaults:2)
  A vampire (D:15)
  12 starcursed masses (WizLab)
  An ice dragon skeleton (Depths:1)
  6 wraiths
  24 yaks
  3 wyverns
  2 shadows
  5 basilisks
  5 water elementals
  Eustachio (D:6)
  4 golden eyes (WizLab)
  A human (shapeshifter) (Vaults:3)
  A basilisk (shapeshifter) (Vaults:2)
  3 neqoxecs (WizLab)
  A fire elemental (D:13)
  15 vampire mosquitoes
  5 wargs
  13 swamp worms
  Edmund (D:6)
  A soldier ant (D:12)
  5 insubstantial wisps
  An acid dragon (D:15)
  57 nagas
  9 water moccasins
  6 porcupines
  17 swamp drakes
  5 ice beasts
  27 orc warriors
  2 slaves (D:6)
  4 sky beasts
  A black bear (shapeshifter) (Vaults:2)
  An eye of draining (Depths:1)
  52 ogres
  3 phantoms
  A human zombie (Vaults:3)
  3 wolves (Lair:4)
  7 centaurs
  13 boggarts
  A necrophage (D:10)
  8 crocodiles
  2 big kobolds
  26 bullfrogs
  A wyvern zombie (D:7)
  A glowing shapeshifter simulacrum (Vaults:3)
  2 scorpions
  9 killer bees
  4 electric eels
  2 howler monkeys
  18 wights
  6 crimson imps
  A human simulacrum (Vaults:3)
  7 hounds
  11 jellies
  26 orc priests
  22 orc wizards
  4 bullfrog skeletons
  5 iguanas
  12 worker ants
  A hound zombie (D:6)
  A hound skeleton (D:9)
  12 adders
  4 gnolls (D:3)
  3 river rats (Lair:3)
  A shadow imp (D:6)
  11 oozes
  An adder skeleton (D:6)
  An adder zombie (D:7)
  3 worms
  A dart slug (D:2)
  2 leopard geckos
  82 orcs
  A giant cockroach (D:4)
  12 goblins
  5 hobgoblins
  9 jackals (D:5)
  14 kobolds
  7 quokkas
  A ball python (D:7)
  7 bats
  7 frilled lizards
  4 rats
  A demonic plant (WizLab)
  11 plants
  5 starspawn tentacles (WizLab)
1392 creatures vanquished.

Vanquished Creatures (collateral kills)
  Roxanne (Snake:4)
  2 frost giants
  An orc warlord (Vaults:3)
  A very ugly thing (Vaults:3)
  An ironheart preserver (Vaults:3)
  A death ooze (Lair:6)
  A yaktaur captain (Vaults:1)
  3 hydras
  An ogre mage (Vaults:1)
  An ice dragon (Vaults:1)
  A vault guard (D:13)
  An anaconda (Snake:3)
  4 naga warriors
  2 two-headed ogres
  2 alligators
  2 spriggans (Swamp:1)
  A shock serpent (Snake:3)
  A deep elf knight (Vaults:1)
  A swamp dragon (Swamp:4)
  A deep elf archer (Vaults:3)
  2 naga ritualists
  A shambling mangrove (Swamp:2)
  3 ugly things
  A wolf spider zombie (D:15)
  An oklob plant (Lair:3)
  A cyclops (D:15)
  A stone giant skeleton (Depths:1)
  3 black mambas
  2 naga magi (Snake:1)
  2 gargoyles
  An eye of devastation (Vaults:3)
  2 spiny frogs
  A rime drake (Lair:4)
  2 polar bears (Lair:2)
  A polar bear (shapeshifter) (Vaults:3)
  A meliai (D:14)
  3 tyrant leeches
  A troll (D:10)
  10 slime creatures
  7 blink frogs
  3 hornets
  A bog body (Swamp:4)
  2 flying skulls (Volcano)
  2 water elementals (D:13)
  3 yaks
  4 insubstantial wisps
  6 nagas
  2 water moccasins (Lair:3)
  A swamp worm (Swamp:4)
  2 orc warriors
  A swamp drake (Swamp:2)
  An eye of draining (D:13)
  A necrophage (D:6)
  A phantom (D:8)
  3 ogres
  A crocodile (Lair:1)
  2 bullfrogs
  2 killer bees (D:8)
  5 wights
  A crimson imp (D:7)
  2 hounds (D:12)
  An orc wizard (D:7)
  A river rat (Lair:3)
  An orc (Orc:1)
  2 kobolds (D:7)
  2 plants
128 creatures vanquished.

Vanquished Creatures (others)
  An orc wizard (D:4)
  2 demonic plants (WizLab)
  49 fungi
  56 plants
  6 starspawn tentacles (WizLab)
114 creatures vanquished.

Grand Total: 1634 creatures vanquished

Notes
Turn   | Place    | Note
-------+----------+-------------------------------------------
     0 | D:1      | mortelune the Demonspawn Ice Elementalist began the quest for the Orb.
     0 | D:1      | Reached XP level 1. HP: 13/13 MP: 3/3
   365 | D:1      | Gained mutation: You have sharp fingernails. [demonic ancestry]
   365 | D:1      | Reached XP level 2. HP: 19/19 MP: 0/5
   506 | D:1      | Learned a level 2 spell: Throw Frost
  1467 | D:2      | Gained mutation: When hurt, damage is shared between your health and your magic reserves. [demonic ancestry]
  1467 | D:2      | Reached XP level 3. HP: 15/24 MP: 1/6
  1727 | D:2      | Learned a level 3 spell: Ozocubu's Armour
  2997 | D:3      | Gained mutation: You are partially covered in large bone plates. (SH +4) [demonic ancestry]
  2997 | D:3      | Reached XP level 4. HP: 30/30 MP: 4/8
  3308 | D:3      | Found a shimmering altar of Xom.
  3311 | D:3      | Found a shimmering altar of Xom.
  3311 | D:3      | Found a shimmering altar of Xom.
  3312 | D:3      | Found a shimmering altar of Xom.
  3387 | D:3      | Found a white marble altar of Elyvilon.
  3985 | D:3      | Gained mutation: You regenerate magic rapidly. [demonic ancestry]
  3985 | D:3      | Reached XP level 5. HP: 35/35 MP: 0/9
  4680 | D:3      | Found a shattered altar of Ashenzari.
  4692 | D:3      | Became a worshipper of Ashenzari the Shackled
  4705 | D:3      | Reached skill level 5 in Ice Magic
  4967 | D:3      | Found a glowing golden altar of the Shining One.
  4969 | D:3      | Found a snail-covered altar of Cheibriados.
  5274 | D:4      | Found a staircase to the Ecumenical Temple.
  5289 | D:4      | Gained mutation: When low on magic, you restore magic in place of health. [demonic ancestry]
  5289 | D:4      | Reached XP level 6. HP: 36/41 MP: 3/11
  5343 | D:4      | Learned a level 4 spell: Throw Icicle
  5477 | D:4      | Reached skill level 1 in Shields
  5661 | D:4      | Noticed EnegeticOcto's ghost (amateur NaWz)
  6533 | D:4      | Killed EnegeticOcto's ghost
  6533 | D:4      | Reached XP level 7. HP: 11/46 MP: 0/13
  6793 | D:5      | Entered Level 5 of the Dungeon
  6908 | D:5      | Noticed Grinder
  6978 | D:5      | Paralysed by Grinder for 2 turns
  7607 | D:5      | Reached * piety under Ashenzari
  8165 | D:5      | Learned a level 4 spell: Summon Ice Beast
  8505 | D:6      | Noticed Edmund
  8523 | D:6      | Killed Edmund
  8523 | D:6      | Reached XP level 8. HP: 25/52 MP: 1/14
  9290 | D:6      | Noticed Pikel
  9293 | D:6      | Paralysed by Pikel for 3 turns
  9299 | D:6      | Killed Pikel
  9299 | D:6      | Reached skill level 5 in Spellcasting
  9299 | D:6      | Reached skill level 5 in Conjurations
  9862 | D:6      | Noticed Eustachio
  9896 | D:6      | Killed Eustachio
 10019 | D:6      | Found a glowing silver altar of Zin.
 10019 | D:6      | Noticed an angel
 10020 | D:6      | Found a runed door.
 10531 | D:7      | Reached ** piety under Ashenzari
 10585 | D:7      | Reached XP level 9. HP: 57/57 MP: 3/17
 11074 | D:7      | Found an iron altar of Okawaru.
 11835 | D:7      | Gained mutation: Your spells are a little easier to cast, but a little less powerful. [potion of mutation]
 11835 | D:7      | Gained mutation: You can translocate small distances at will. [potion of mutation]
 11835 | D:7      | Gained mutation: Your mind is acute. (Int +2) [potion of mutation]
 12288 | D:8      | Found a sparkling altar of Nemelex Xobeh.
 12288 | D:8      | Found a glowing silver altar of Zin.
 12352 | D:8      | Got the mace of the Ecumenical Temple {venom, MR+}
 12353 | D:8      | Identified the +1 mace of the Ecumenical Temple {venom, MR+} (You found it on level 8 of the Dungeon)
 13129 | D:9      | Found a blossoming altar of Fedhas.
 13634 | D:9      | Found a shimmering altar of Xom.
 13743 | D:9      | Gained mutation: You sometimes gain a little power by taking damage. [demonic ancestry]
 13743 | D:9      | Reached XP level 10. HP: 63/63 MP: 1/20
 13794 | D:9      | Found a shadowy altar of Dithmenos.
 14402 | D:10     | Entered Level 10 of the Dungeon
 14843 | D:10     | Learned a level 6 spell: Freezing Cloud
 15812 | D:10     | Found Igequll's Antique Weapon Shop.
 15857 | D:10     | Bought a jewelled scimitar for 225 gold pieces
 16132 | D:11     | Reached skill level 10 in Conjurations
 16381 | D:11     | Noticed a gargoyle
 16415 | D:11     | Upgraded the game from 0.22-a0-159-g7ce444f to 0.22-a0-160-gcc81d7a
 17045 | D:11     | Found a roughly hewn altar of Beogh.
 17091 | D:11     | Found a staircase to the Lair.
 17137 | D:11     | Killed a gargoyle
 17484 | D:11     | Gained mutation: You are mostly covered in large bone plates. (SH +6) [demonic ancestry]
 17484 | D:11     | Reached XP level 11. HP: 68/68 MP: 6/22
 17799 | D:11     | Found a staircase to the Orcish Mines.
 17906 | D:11     | Reached *** piety under Ashenzari
 18023 | D:12     | Found an ornate altar of the Wu Jian Council.
 18024 | D:12     | Noticed a centaur warrior
 18047 | D:12     | Killed a centaur warrior
 18352 | D:12     | Noticed a death knight
 18438 | Lair:1   | Entered Level 1 of the Lair of Beasts
 18864 | Lair:1   | Noticed a four-headed hydra
 18872 | Lair:1   | Killed a four-headed hydra
 19851 | Lair:2   | Reached skill level 10 in Ice Magic
 19875 | Lair:2   | Found a dark tunnel.
 19899 | Volcano  | Entered a volcano
 20161 | Volcano  | Noticed a skeletal warrior
 20193 | Volcano  | HP: 3/68 [harpy skeleton (6)]
 21910 | Lair:2   | Reached skill level 1 in Fighting
 22082 | Lair:3   | Noticed an oklob plant
 22349 | Lair:3   | HP: 3/71 [poisoned by a black mamba]
 22357 | Lair:3   | HP: 3/71 [poisoned by a black mamba]
 22780 | Lair:3   | Noticed an oklob plant
 22783 | Lair:3   | Killed an oklob plant
 22783 | Lair:3   | Gained mutation: You have very sharp fingernails. [demonic ancestry]
 22783 | Lair:3   | Reached XP level 12. HP: 63/78 MP: 6/24
 23103 | Lair:3   | Found a staircase to the Swamp.
 24361 | Lair:4   | Found a staircase to the Snake Pit.
 24407 | Lair:4   | Reached **** piety under Ashenzari
 24411 | Lair:4   | Reached skill level 5 in Dodging
 25639 | Lair:5   | Noticed an eight-headed hydra
 25647 | Lair:5   | Killed an eight-headed hydra
 25749 | Lair:5   | Found a staircase to the Slime Pits.
 26716 | Lair:6   | Entered Level 6 of the Lair of Beasts
 26872 | Lair:6   | Noticed a four-headed hydra
 26876 | Lair:6   | Killed a four-headed hydra
 27071 | Lair:6   | Gained mutation: You have claws for hands. [demonic ancestry]
 27071 | Lair:6   | Reached XP level 13. HP: 75/90 MP: 11/26
 27470 | Lair:6   | Reached skill level 10 in Spellcasting
 27475 | Lair:6   | Reached skill level 5 in Fighting
 27549 | Lair:6   | Noticed a death ooze
 27555 | Lair:6   | Killed a death ooze
 27792 | Lair:6   | Noticed a death ooze
 27852 | Lair:6   | Killed a death ooze
 28338 | Lair:6   | Got the quarterstaff "Ykluvyle" {crush, Dex+4}
 28342 | Lair:6   | Identified the Papyrus of Gliding Attacks
 28353 | Lair:6   | Learned a level 6 spell: Bolt of Cold
 28360 | Lair:6   | Learned a level 6 spell: Simulacrum
 28381 | Lair:6   | Noticed an azure jelly
 29089 | Lair:6   | Killed an azure jelly
 29553 | Lair:6   | Noticed a death ooze
 29557 | Lair:6   | Reached ***** piety under Ashenzari
 29561 | Lair:6   | Killed a death ooze
 29761 | Lair:6   | Found a viscous altar of Jiyva.
 31952 | D:13     | Found a gate to the Vaults.
 31958 | D:13     | Gained mutation: You sometimes gain power by taking damage. [demonic ancestry]
 31958 | D:13     | Reached XP level 14. HP: 99/101 MP: 18/29
 32890 | D:13     | Found Sayrhaun's Food Boutique.
 34047 | D:14     | Found a stormy altar of Qazlal.
 35274 | D:15     | Entered Level 15 of the Dungeon
 35665 | D:15     | Found a staircase to the Depths.
 36464 | D:15     | Reached skill level 10 in Fighting
 37394 | D:14     | Reached XP level 15. HP: 65/115 MP: 1/31
 38615 | Orc:1    | Entered Level 1 of the Orcish Mines
 38719 | Orc:1    | Found Fedam's Antique Armour Boutique.
 39327 | Orc:2    | Entered Level 2 of the Orcish Mines
 40006 | Orc:2    | Found a staircase to the Elven Halls.
 40130 | Orc:2    | Reached skill level 1 in Armour
 40570 | Orc:2    | Found Raogh's Distillery.
 40570 | Orc:2    | Found Qidur's Antique Weapon Boutique.
 40571 | Orc:2    | Found Huipp's Antique Weapon Shop.
 40571 | Orc:2    | Found Cuhoz's Magic Scroll Shoppe.
 40718 | Orc:2    | Bought a scroll of identify for 24 gold pieces
 40718 | Orc:2    | Bought a scroll of teleportation for 36 gold pieces
 40718 | Orc:2    | Bought a scroll of teleportation for 36 gold pieces
 40720 | Orc:2    | Bought a potion of curing for 39 gold pieces
 40720 | Orc:2    | Bought a potion of heal wounds for 65 gold pieces
 40720 | Orc:2    | Bought a potion of cancellation for 104 gold pieces
 40937 | Orc:2    | Bought a brightly glowing hand axe for 288 gold pieces
 40937 | Orc:2    | Identified the +6 hand axe of Callousness {chop, +Inv Str+4 Dex+4} (You bought it in a shop on level 2 of the Orcish Mines)
 41087 | Swamp:1  | Entered Level 1 of the Swamp
 41670 | Swamp:1  | Reached skill level 1 in Evocations
 41711 | Swamp:1  | Identified a scroll of acquirement
 43007 | Swamp:2  | Noticed a thorn hunter
 43016 | Swamp:2  | Killed a thorn hunter
 43276 | Swamp:2  | Noticed a thorn hunter
 43292 | Swamp:2  | Killed a thorn hunter
 43314 | Swamp:2  | Reached XP level 16. HP: 78/127 MP: 4/33
 44435 | Swamp:3  | Reached ****** piety under Ashenzari
 45000 | Swamp:4  | Entered Level 4 of the Swamp
 45535 | Swamp:4  | Noticed a tentacled monstrosity
 45543 | Swamp:4  | Killed a tentacled monstrosity
 47385 | Swamp:4  | Noticed the 27-headed Lernaean hydra
 48228 | Swamp:4  | Killed the 27-headed Lernaean hydra
 48318 | Swamp:4  | Got a decaying rune of Zot
 48347 | Swamp:4  | Identified the cursed +1 plate armour "Xikano" {rF- Regen+ rCorr}
 48955 | Snake:1  | Entered Level 1 of the Snake Pit
 48955 | Snake:1  | Noticed Aizul
 48966 | Snake:1  | Killed Aizul
 48966 | Snake:1  | Reached skill level 5 in Armour
 49877 | Snake:1  | Noticed Josephine
 49894 | Snake:1  | Killed Josephine
 50178 | Snake:1  | Noticed Frances
 50191 | Snake:1  | Killed Frances
 50520 | Snake:1  | Reached skill level 5 in Evocations
 51152 | Snake:1  | Reached XP level 17. HP: 132/137 MP: 35/35
 53955 | Snake:3  | Got the cursed pair of boots "Etupiuru" {rElec Str-3 Int+2}
 53961 | Snake:3  | Identified the cursed +5 pair of boots "Etupiuru" {rElec Str-3 Int+2} (You acquired it on level 3 of the Snake Pit)
 54010 | Snake:3  | Reached skill level 15 in Spellcasting
 55735 | Snake:3  | Identified the +1 ring mail of Supple Strength {rN+ MR- Int+8}
 55799 | Snake:4  | Entered Level 4 of the Snake Pit
 55817 | Snake:4  | Noticed Jorgrun
 55891 | Snake:4  | Killed Jorgrun
 56688 | Snake:4  | Found Gutux's Food Emporium.
 56702 | Snake:4  | Bought a ration for 55 gold pieces
 56702 | Snake:4  | Bought a ration for 55 gold pieces
 56702 | Snake:4  | Bought a ration for 55 gold pieces
 56702 | Snake:4  | Bought a ration for 55 gold pieces
 56702 | Snake:4  | Bought a ration for 55 gold pieces
 56702 | Snake:4  | Bought a ration for 55 gold pieces
 57137 | Snake:4  | Noticed Roxanne
 57301 | Snake:4  | Killed Roxanne
 57303 | Snake:4  | Identified Roxanne's Grimoire of Stones (You took it off Roxanne on level 4 of the Snake Pit)
 57310 | Snake:4  | Learned a level 2 spell: Passwall
 57558 | Snake:4  | Reached skill level 5 in Shields
 57957 | Snake:4  | Noticed Donald
 57977 | Snake:4  | Killed Donald
 58528 | Snake:3  | Reached XP level 18. HP: 116/146 MP: 0/37
 58958 | Snake:4  | Got a serpentine rune of Zot
 59377 | Snake:4  | Learned a level 4 spell: Passage of Golubria
 59555 | Snake:4  | Bought a ration for 55 gold pieces
 59555 | Snake:4  | Bought a ration for 55 gold pieces
 59555 | Snake:4  | Bought a ration for 55 gold pieces
 59555 | Snake:4  | Bought a ration for 55 gold pieces
 59555 | Snake:4  | Bought a ration for 55 gold pieces
 59555 | Snake:4  | Bought a ration for 55 gold pieces
 59555 | Snake:4  | Bought a ration for 55 gold pieces
 59555 | Snake:4  | Bought a ration for 55 gold pieces
 59830 | Vaults:1 | Entered Level 1 of the Vaults
 60460 | Vaults:1 | Reached skill level 1 in Translocations
 60575 | Vaults:1 | Gained mutation: You are frail. (-10% HP) [a cacodemon]
 62684 | Vaults:1 | Reached skill level 15 in Fighting
 65134 | Vaults:2 | Gained mutation: You are powered by pain. [demonic ancestry]
 65134 | Vaults:2 | Reached XP level 19. HP: 139/139 MP: 8/39
 65750 | Vaults:2 | Found a stormy altar of Qazlal.
 66369 | Vaults:2 | Learned a level 5 spell: Fireball
 67708 | Orc:2    | Bought a scroll of fear for 42 gold pieces
 67708 | Orc:2    | Bought a scroll of remove curse for 36 gold pieces
 67708 | Orc:2    | Bought a scroll of teleportation for 36 gold pieces
 67708 | Orc:2    | Bought a scroll of remove curse for 36 gold pieces
 67708 | Orc:2    | Bought a scroll of remove curse for 36 gold pieces
 67708 | Orc:2    | Bought a scroll of teleportation for 36 gold pieces
 69021 | Vaults:3 | Found a staircase to the Crypt.
 69225 | Vaults:3 | Got the lajatang of the Vendetta {venom, Int+4}
 69226 | Vaults:3 | Identified the +9 lajatang of the Vendetta {venom, Int+4} (You took it off an orc wizard on level 3 of the Vaults)
 69244 | Vaults:3 | Learned a level 4 spell: Summon Lightning Spire
 69454 | Vaults:3 | Reached skill level 1 in Air Magic
 69767 | Vaults:3 | Identified the +5 scale mail of Decompression {*Drain rF++ Dex+2} (You took it off an orc on level 3 of the Vaults)
 71164 | Vaults:3 | Reached XP level 20. HP: 123/147 MP: 35/40
 72357 | Vaults:4 | Reached skill level 10 in Shields
 72573 | Vaults:4 | Noticed Mennas
 72894 | Depths:1 | Entered Level 1 of the Depths
 72920 | Depths:1 | Found Jireigin's Jewellery Shoppe.
 72923 | Depths:1 | Found Siarihoj's Gadget Boutique.
 72975 | Depths:1 | Found Mutrier's Jewellery Shoppe.
 72991 | Depths:1 | Bought a wand of acid (6) for 300 gold pieces
 73008 | Depths:1 | Found a one-way gate to the infinite horrors of the Abyss.
 73755 | Depths:1 | Lost mutation: Your spells are a little easier to cast, but a little less powerful. [potion of mutation]
 73755 | Depths:1 | Lost mutation: Your mind is acute. (Int +2) [potion of mutation]
 73755 | Depths:1 | Gained mutation: Your flesh is heat resistant. (rF+) [potion of mutation]
 73755 | Depths:1 | Lost mutation: You are frail. (-10% HP) [potion of mutation]
 73755 | Depths:1 | Gained mutation: Armour fits poorly on your strangely shaped body. [potion of mutation]
 73755 | Depths:1 | Gained mutation: You have a pair of small horns on your head. [potion of mutation]
 73971 | Depths:1 | Reached skill level 5 in Air Magic
 73976 | Depths:1 | Found a gateway to Hell.
 74622 | Depths:1 | Found Unloacyg's Book Shop.
 74625 | Depths:1 | Bought a book of Minor Magic for 360 gold pieces
 74628 | Depths:1 | Learned a level 2 spell: Blink
 74851 | Depths:1 | Noticed an ancient lich
 75187 | Elf:1    | Entered Level 1 of the Elven Halls
 75267 | Elf:1    | Found a magical portal.
 75272 | WizLab   | Entered Lehudib's Moon Base
 76732 | WizLab   | Identified the cursed ring of Urin {+Blink +Fly rF+}
 76969 | WizLab   | Found a transporter.
 77046 | WizLab   | Reached XP level 21. HP: 173/173 MP: 24/42
 77246 | WizLab   | HP: 4/174 [crystal guardian/crystal bolt (15)]
 77624 | WizLab   | Gained mutation: Your spells are a little easier to cast, but a little less powerful. [a neqoxec]
 78215 | WizLab   | HP: 6/174 [moon troll/bolt of acid (25)]
 78215 | WizLab   | HP: 1/174 [acid (5)]
 78217 | WizLab   | Killed from afar by a moon troll

Vault maps used:
D:1:      eino_arrival_cavern_d, nrook_loot_triangle
D:2:      first_ration
D:3:      wad_woods_stonehenge, chequers_temple_overflow_statue_of_worship,
          cheibrodos_ashenzari_chains, xom_redecorated
D:4:      minmay_temple_entry_statues_pillars, minmay_door_square
D:5:      st_stairs_1, grunt_tough_drop, uniq_grinder
D:6:      lemuel_angel_altar, uniq_eustachio, uniq_pikel, uniq_edmund
D:7:      okawaru_trees_2
D:8:      amethyst_overflow_temple_binary
D:9:      nicolae_dithmenos_shadow_blocks, old_standard_altar, basic_altar,
          grunt_pizzeria
D:10:     serial_shops, shop, grunt_ministairs_6, minivault_14
D:11:     david_lair_generic, orc_0_dummy
D:12:     basic_altar, minmay_misc_feat_ornament, serial_park_tiny_2
D:13:     erik_vaults_2, serial_shops, nicolae_shop_crystal,
          minmay_misc_feat_enclosed, minivault_16, kennysheep_island_fort
D:14:     hangedman_decor_points, grunt_qazlal_sundering
D:15:     hangedman_depths_entry_civil_slaughter
Lair:2:   lightli_volcano_entry_magma_tube, nicolae_quartered_pool_medium,
          cheibrodos_lair_lostbears
Lair:3:   minmay_swamp_entry_worms, pond
Lair:4:   minmay_snake_entry_guardpost_small
Lair:5:   slime_dummy
Lair:6:   minmay_lair_end_frog_pond, special_room
Swamp:1:  evilmike_swamp_ruin_rubble_2, swamp_pool3
Swamp:2:  infiniplex_staircase_pool
Swamp:3:  evilmike_swamp_ruin_house_6, swamp_pool5
Swamp:4:  grunt_swamp_rune_castle
Snake:1:  serial_bayou_ford_a, grunt_megastairs_1, uniq_frances, uniq_aizul,
          uniq_josephine
Snake:4:  snake_pit, serial_shops, nicolae_shop_window_shopping,
          serial_bayou_shore_b, uniq_donald, uniq_jorgrun, uniq_roxanne
Orc:1:    serial_shops, shop
Orc:2:    st_orc_ogre_mass
Elf:1:    serial_shops, shop, mu_enter_wizlab_7, minmay_elf_sorcery
Vaults:1: ontoclasm_vaults_spin, vaults_dpeg_diagonal,
          nicolae_vaults_mini_display_case, v_alt_pattern_4, vaults_dpeg_hooks,
          v_misc_14, hangedman_vaults_stretched_pinwheel,
          ontoclasm_vaults_hangar, nicolae_vaults_murderbox
Vaults:2: grunt_vaults_hallway_short, v_misc_24, nicolae_vaults_three_branches,
          v_pattern_1, ontoclasm_vaults_ligature, hangedman_vaults_capsules,
          ontoclasm_vaults_tryst, v_misc_11, nicolae_vaults_what_the_h,
          v_misc_18, nicolae_vaults_diagonal_hallway_7, grunt_vaults_diagonal,
          grunt_vaults_focal, vaults_room_door_ring,
          nicolae_vaults_little_squares_2, basic_altar
Vaults:3: st_greater_box_4, minmay_crypt_entry_simple_box,
          nicolae_vaults_asterisk, v_misc_25, vaults_room_hallway,
          vaults_room_fancy_cross, vaults_room_fours
Vaults:4: nicolae_vaults_little_squares_1, ontoclasm_vaults_decontamination,
          v_misc_27, hangedman_vaults_cutoff, v_alt_pattern_4,
          hangedman_vaults_pinch, ontoclasm_vaults_bender, v_misc_1,
          vaults_room_octagon, nicolae_vaults_back_hallway,
          nicolae_vaults_little_squares_2, st_lattice,
          nicolae_vaults_little_squares_2, vaults_mumra_chevron, serial_shops,
          shop_coins, uniq_xtahua, uniq_mennas
Depths:1: cheibrodos_cascadia, abyss_entry, serial_shops, kennysheep_mini_moat,
          lightli_too_deep, minislime_mu, minmay_shop_grove,
          serial_bayou_shore_a
Volcano:  volcano_tomb
WizLab:   wizlab_lehudib

Skill      XL: |  1  2  3  4  5  6  7  8  9 10 11 12 13 14 15 16 17 18 19 20 21 |
---------------+----------------------------------------------------------------+-----
Dodging        | 2 4 6 7 |  7.9
Ice Magic      | 3 4 5 6 7 9 10 12 13 14 | 14.7
Spellcasting   | 3 4 5 6 7 8 9 11 12 13 14 15 16 17 | 17.4
Shields        | 2 3 4 5 8 9 11 | 11.2
Conjurations   | 2 4 6 8 10 11 12 | 12.7
Fighting       | 1 4 6 10 11 13 14 15 16 17 | 17.0
Armour         | 3 5 6 7 8 9 |  9.6
Evocations     | 2 5 6 7 8 |  8.8
Translocations | 3 4 |  4.2
Air Magic      | 2 6 |  6.7
Stealth        | |  1.7

Action                   |  1- 3 |  4- 6 |  7- 9 | 10-12 | 13-15 | 16-18 | 19-21 || total
-------------------------+-------+-------+-------+-------+-------+-------+-------++-------
Melee: Mace              |    26 |    11 |    11 |    83 |    56 |    54 |    10 ||   251
       War axe           |       |    22 |    70 |       |       |       |       ||    92
       Staff             |       |       |       |       |    17 |       |    12 ||    29
       Hand axe          |       |       |       |       |     6 |    76 |       ||    82
 Cast: Freeze            |    40 |    66 |    94 |   129 |   142 |   120 |    26 ||   617
       Throw Frost       |    21 |    40 |   116 |    72 |    58 |    46 |    33 ||   386
       Ozocubu's Armour  |       |     5 |    10 |    24 |    30 |     6 |       ||    75
       Throw Icicle      |       |       |    54 |   266 |   529 |   660 |   239 ||  1748
       Summon Ice Beast  |       |       |    20 |    59 |    53 |    62 |    82 ||   276
       Freezing Cloud    |       |       |       |    12 |    72 |   121 |   102 ||   307
       Bolt of Cold      |       |       |       |       |    43 |   161 |   437 ||   641
       Simulacrum        |       |       |       |       |    36 |    22 |     7 ||    65
       Fireball          |       |       |       |       |       |       |     7 ||     7
       Summon Lightning  |       |       |       |       |       |       |    23 ||    23
       Passage of Golubr |       |       |       |       |       |       |     3 ||     3
       Blink             |       |       |       |       |       |       |     1 ||     1
Invok: Curse Item        |       |     1 |     1 |     4 |     1 |     1 |     2 ||    10
 Abil: Blink             |       |       |     1 |       |     3 |     1 |     2 ||     7
Evoke: Wand              |       |       |       |     4 |       |     2 |     7 ||    13
       Lamp of fire      |       |       |       |       |       |       |     1 ||     1
  Use: Scroll            |     3 |     3 |     8 |     8 |     9 |    18 |    10 ||    59
       Potion            |     1 |     2 |     2 |     3 |     3 |     7 |     6 ||    24
 Stab: Distracted        |       |       |     1 |       |     4 |     3 |       ||     8
  Eat: Chunk             |     7 |    14 |    20 |    46 |    41 |    30 |    27 ||   185
       Ration            |       |       |     4 |     6 |    14 |    24 |    12 ||    60
Armor: Robe              |    15 |    34 |    64 |    52 |    49 |    12 |       ||   226
       Swamp dragon scal |       |       |       |       |       |   103 |    73 ||   176
Dodge: Dodged            |    34 |    39 |    93 |   131 |   271 |   346 |   210 ||  1124
       Deflected         |       |       |       |     8 |    14 |    90 |    34 ||   146
Block: Other             |       |     4 |     4 |       |       |       |       ||     8
       Buckler           |       |    12 |    63 |   226 |   282 |   502 |   253 ||  1338

Table legend:
 A = Spawn XP
 B = Non-spawn XP
 C = Spawn XP percentage of total XP
 D = Spawn monster count
 E = Non-spawn monster count
 F = Spawn count percentage of total count
 G = Total turns spent on level
                    A         B        C        D         E        F      G
               +---------+---------+-------+---------+---------+-------+---------
         Total |       0 |  594550 |   0.0 |       0 |    1499 |   0.0 | 78217
               +---------+---------+-------+---------+---------+-------+---------
           D:1 |       0 |      26 |   0.0 |       0 |      18 |   0.0 |  1180
           D:2 |       0 |      48 |   0.0 |       0 |      18 |   0.0 |  1761
           D:3 |       0 |     241 |   0.0 |       0 |      29 |   0.0 |  2322
           D:4 |       0 |     545 |   0.0 |       0 |      14 |   0.0 |  1778
           D:5 |       0 |     416 |   0.0 |       0 |      27 |   0.0 |  1208
           D:6 |       0 |    1387 |   0.0 |       0 |      25 |   0.0 |  2228
           D:7 |       0 |     960 |   0.0 |       0 |      27 |   0.0 |  1395
           D:8 |       0 |    1386 |   0.0 |       0 |      22 |   0.0 |  1213
           D:9 |       0 |     858 |   0.0 |       0 |      15 |   0.0 |  1510
          D:10 |       0 |    3012 |   0.0 |       0 |      28 |   0.0 |  1945
          D:11 |       0 |    4012 |   0.0 |       0 |      58 |   0.0 |  2040
          D:12 |       0 |    8139 |   0.0 |       0 |      38 |   0.0 |  2473
          D:13 |       0 |   15030 |   0.0 |       0 |      34 |   0.0 |  2062
          D:14 |       0 |    9031 |   0.0 |       0 |      38 |   0.0 |  2308
          D:15 |       0 |   22179 |   0.0 |       0 |      47 |   0.0 |  2592
        Lair:1 |       0 |    1531 |   0.0 |       0 |       6 |   0.0 |  1457
        Lair:2 |       0 |    5206 |   0.0 |       0 |      23 |   0.0 |  1904
        Lair:3 |       0 |    5078 |   0.0 |       0 |      26 |   0.0 |  2652
        Lair:4 |       0 |    6431 |   0.0 |       0 |      26 |   0.0 |  1370
        Lair:5 |       0 |    5947 |   0.0 |       0 |      19 |   0.0 |  2247
        Lair:6 |       0 |   19397 |   0.0 |       0 |      80 |   0.0 |  2188
       Swamp:1 |       0 |   13033 |   0.0 |       0 |      44 |   0.0 |  1488
       Swamp:2 |       0 |   13308 |   0.0 |       0 |      27 |   0.0 |  1431
       Swamp:3 |       0 |    6493 |   0.0 |       0 |      20 |   0.0 |  2187
       Swamp:4 |       0 |   32095 |   0.0 |       0 |      63 |   0.0 |  2191
       Snake:1 |       0 |   19669 |   0.0 |       0 |      36 |   0.0 |  2495
       Snake:2 |       0 |    7041 |   0.0 |       0 |      16 |   0.0 |  2477
       Snake:3 |       0 |   32721 |   0.0 |       0 |      64 |   0.0 |  3592
       Snake:4 |       0 |   52430 |   0.0 |       0 |      87 |   0.0 |  2127
         Orc:1 |       0 |    3270 |   0.0 |       0 |      32 |   0.0 |  1098
         Orc:2 |       0 |   17700 |   0.0 |       0 |      61 |   0.0 |  1338
         Elf:1 |       0 |     740 |   0.0 |       0 |       2 |   0.0 |    85
      Vaults:1 |       0 |   60910 |   0.0 |       0 |     105 |   0.0 |  5270
      Vaults:2 |       0 |   42550 |   0.0 |       0 |      71 |   0.0 |  4315
      Vaults:3 |       0 |   86036 |   0.0 |       0 |     117 |   0.0 |  2869
      Vaults:4 |       0 |   11469 |   0.0 |       0 |      14 |   0.0 |   332
      Depths:1 |       0 |   42774 |   0.0 |       0 |      70 |   0.0 |  1840
       Volcano |       0 |     381 |   0.0 |       0 |       3 |   0.0 |   304
        WizLab |       0 |   41070 |   0.0 |       0 |      49 |   0.0 |  2945
               +---------+---------+-------+---------+---------+-------+---------
